 Dungeon Crawl Stone Soup version 0.30-a0-475-g03497ec522 (webtiles) character file.

Game seed: 5040413937106019059

58 gelatine the Shooter (level 4, -2/29 (30) HPs)
             Began as an Octopode Hunter on Dec 20, 2022.
             Slain by a necrophage (7 damage)
             ... on level 3 of the Dungeon.
             The game lasted 00:02:18 (1506 turns).

gelatine the Shooter (Octopode Hunter)              Turns: 1506, Time: 00:02:19

HP:   -2/29 (30)    AC:  1    Str: 10    XL:     4   Next: 2%
MP:   4/4           EV: 13    Int: 11    God:
Gold: 91            SH:  0    Dex: 17    Spells: 3/3 levels left

rFire   . . .      SeeInvis .    a - +0 shortbow
rCold   . . .      Faith    .    (shield currently unavailable)
rNeg    . . .      Spirit   .    (helmet restricted)
rPois   .          Reflect  .    (no amulet)
rElec   .          Harm     .    (no ring)
rCorr   .          Rampage  .    (no ring)
Will    .....                    (no ring)
Stlth   +++.......               (no ring)
HPRegen 0.24/turn                (no ring)
MPRegen 0.09/turn                (no ring)
                                 (no ring)
                                 (no ring)

@: lightly drained
A: almost no armour, amphibious, 8 rings, camouflage 1, gelatinous body 1,
(nimble swimmer 1), tentacles
a: no special abilities


You were on level 3 of the Dungeon.
You visited 1 branch of the dungeon, and saw 3 of its levels.

You collected 91 gold pieces.

Inventory:

Hand Weapons
 a - a +0 shortbow (weapon)
Scrolls
 b - a scroll of immolation
 c - a scroll of fear {unknown}
 e - 4 scrolls of identify {unknown}
 h - 3 scrolls of fog {unknown}
 i - a scroll of noise {unknown}
 j - a scroll of teleportation {unknown}
Potions
 d - 3 potions of flight {unknown}
 f - 2 potions of heal wounds {unknown}
 g - 2 potions of curing {unknown}


   Skills:
 + Level 2.3 Fighting
 + Level 5.1 Ranged Weapons
 + Level 2.2 Dodging
 + Level 1.4 Stealth


You had 3 spell levels left.
You didn't know any spells.
Your spell library was empty.

Dungeon Overview and Level Annotations

Branches:
Dungeon (3/15)

Altars:


Innate Abilities, Weirdness & Mutations

You cannot wear most types of armour.
You are amphibious.
You can wear up to eight rings at the same time.
Your skin changes colour to match your surroundings (Stealth+).
Your rubbery body absorbs attacks. (AC +1, EV +1)
((You are camouflaged when in or above water. (Stealth+)))
You have tentacles for arms and can constrict up to eight enemies at once.


Message History

The necrophage is lightly damaged.
The necrophage misses you.
You shoot an arrow.
The arrow hits the necrophage but does no damage.
The necrophage is lightly damaged.
The necrophage hits you. The necrophage hits you!
You shoot an arrow.
The arrow hits the necrophage but does no damage.
The necrophage is lightly damaged.
The necrophage hits you.
You are too injured to fight recklessly!
You are too injured to fight recklessly!
You are too injured to fight recklessly!
You are too injured to fight recklessly!
You are too injured to fight recklessly!
You are too injured to fight recklessly!
You shoot an arrow. The arrow barely misses the necrophage.
The necrophage barely misses you.
You shoot an arrow. The arrow barely misses the necrophage.
The necrophage completely misses you.
You shoot an arrow. The arrow hits the necrophage.
The necrophage is moderately damaged.
The necrophage hits you!
* * * LOW HITPOINT WARNING * * *
You feel drained.
* * * LOW HITPOINT WARNING * * *
The necrophage closely misses you.
You shoot an arrow.
The arrow closely misses the necrophage.
The necrophage closely misses you.
You shoot an arrow. The arrow hits the necrophage!
The necrophage is severely damaged.
A goblin comes into view. It is wielding a +0 dagger.
The necrophage closely misses you.
You shoot an arrow. The goblin shouts!
The arrow hits the necrophage.
The necrophage is almost destroyed.
The necrophage hits you!
You die...

### #..# ....
#####..#######
#..##............#
......##..#####.# #
.........# #.#
###..#...##.## #.#
g....##.###.# #.#
#........# #.#
####@##### #.# #n#
#.### †.. #...#
..... #######[#
..#.... #.....#.#
..#>#.)..##.....#.#
+.. #
....+.......)# ..
....##.....###
#.....#


You could see a necrophage and a goblin.

Vanquished Creatures
  2 adders (D:2)
  A dart slug (D:2)
  An endoplasm (D:2)
  2 giant cockroaches (D:2)
  6 goblins
  3 hobgoblins
  5 kobolds
  2 quokkas (D:1)
  4 ball pythons
  5 bats
  A frilled lizard (D:2)
  5 rats
37 creatures vanquished.

Vanquished Creatures (others)
  6 demonic plants (D:2)
  2 fungi (D:2)
  3 plants (D:2)
  3 withered plants (D:2)
14 creatures vanquished.

Grand Total: 51 creatures vanquished

Notes
Turn   | Place    | Note
-------+----------+-------------------------------------------
     0 | D:1      | gelatine the Octopode Hunter began the quest for the Orb.
     0 | D:1      | Reached XP level 1. HP: 14/14 MP: 1/1
   250 | D:1      | Reached XP level 2. HP: 19/19 MP: 2/2
   714 | D:2      | Found a faded altar of an unknown god.
   841 | D:2      | Reached XP level 3. HP: 22/24 MP: 3/3
  1015 | D:2      | Reached skill level 5 in Ranged Weapons
  1496 | D:3      | Reached XP level 4. HP: 30/30 MP: 4/4
  1496 | D:3      | Noticed a necrophage
  1506 | D:3      | Slain by a necrophage

Illustrated notes

Levels and vault maps discovered:
D:1:      psy_arrival_statuary, layout_loops_cross
D:2:      layout_loops_ring, shapermc_ecumenical_altar_gd,
          grunt_decor_arrowhead, minmay_stone_trees_small
D:3:      layout_loops_corners, mainiacjoe_overflow_small_starburst,
          nicolae_overflow_ecumenical_swirl, st_stairs_14, hex_medium

Skill      XL: |  1  2  3 |
---------------+----------+-----
Ranged Weapons | 5 |  5.1
Fighting       | |  2.3
Dodging        | |  2.2
Stealth        | |  1.4

Action                   |  1- 3 |  4- 6 || total
-------------------------+-------+-------++-------
 Fire: Shortbow          |    98 |    11 ||   109
Armor: Skin              |     6 |       ||     6
Dodge: Dodged            |    37 |     6 ||    43

Table legend: (Time is in decaauts)
 A = Elapsed time spent in this place.
 B = Non-inter-level travel time spent in this place.
 C = Inter-level travel time spent in this place.
 D = Time resting spent in this place.
 E = Time spent auto-exploring this place.
 F = Levels seen in this place.
 G = Mean time per level.
                   A        B        C        D        E       F      G
               +--------+--------+--------+--------+--------+-----+--------+
         Total |   1534 |   1500 |     34 |      0 |   1271 |   3 |  511.3 |
       Dungeon |   1534 |   1500 |     34 |      0 |   1271 |   3 |  511.3 |
               +--------+--------+--------+--------+--------+-----+--------+

Top non-repeatable levels by time:
     D:2: 741 daAuts
     D:1: 717 daAuts
     D:3: 75 daAuts
